Blackhawks vs Blues
Created - 2 février 2014 at 22:51
Goals
|
| Blackhawks |
1 |
0 |
0 |
0 |
1 |
1 |
| Blues |
0 |
1 |
0 |
0 |
2 |
2 |
|
Shots
|
| Blackhawks |
8 |
14 |
11 |
2 |
3 |
35 |
| Blues |
12 |
8 |
9 |
0 |
2 |
29 |
|
1st period
1. Blackhawks , Hnat Domenichelli 8 (Stephane Robidas, Chris Gratton) at 4:57
Penalties :
Travis Zajac (STL) for High sticking (Minor) at 0:34, Sergei Shirokov (Chi) for Slashing (Double Minor) at 8:04, Rene Bourque (Chi) for Hooking (Minor) at 12:46
2nd period
2. Blues , Nik Antropov 19 (Paul Kariya, Dan Boyle) at 14:22
Penalties :
Scott Gomez (Chi) for Slashing (Minor) at 10:18
3rd period
No Goal
Penalties :
Loui Eriksson (Chi) for Hooking (Minor) at 2:52, Daniel Carcillo (Chi) for High sticking (Minor) at 10:33, Andy Sutton (STL) for Holding Stick (Minor) at 13:46, Darcy Hordichuk (STL) for Interference (Minor) at 16:52
Overtime #1
No Goal
Penalties :
No Penalty
Shootout
Penalty Shot by Joe Sakic for Blackhawks - Stopped by Tim Thomas
Penalty Shot by David Perron for Blues - Goal!
Penalty Shot by Loui Eriksson for Blackhawks - Goal!
Penalty Shot by Nik Antropov for Blues - Goal!
Penalty Shot by Kris Versteeg for Blackhawks - Shot Misses the Net
Penalties :
No Penalty
Goalie Stats
Jocelyn Thibault (Chi), 28 saves from 29 shots - (0,966), OTL, 6-5-2, 65:00 minutes
Tim Thomas (STL), 34 saves from 35 shots - (0,971), W, 11-10-2, 65:00 minutes
Players Stats for Blackhawks
Player Name G A P +/- PIM S H SB GA TA FO MP PP MP PK MP
------------------------------------------------------------------------------------
Brad Ference 0 0 0 0 0 1 3 3 0 0 0/0 14:15 0:00 1:39
Chris Gratton 0 1 1 1 0 2 1 0 0 0 0/1 8:32 0:00 1:33
Christian Ehrhoff 0 0 0 1 0 1 0 2 0 0 0/0 21:36 1:48 5:44
Colby Armstrong 0 0 0 -1 0 1 2 1 0 0 0/2 18:22 0:02 5:51
Daniel Carcillo 0 0 0 0 2 3 0 0 0 0 0/0 9:45 0:00 1:31
George Parros 0 0 0 1 0 2 0 2 0 0 0/0 12:44 0:02 3:51
Hnat Domenichelli 1 0 1 1 0 2 1 0 0 0 0/0 7:11 0:00 0:00
Joe Sakic 0 0 0 -1 0 3 3 0 0 0 13/27 16:41 3:36 0:10
Jordan Staal 0 0 0 0 0 1 1 1 0 1 2/6 15:15 0:02 5:28
Kris Versteeg 0 0 0 0 0 3 2 1 0 0 0/3 22:29 3:36 1:48
Kristopher Letang 0 0 0 1 0 3 2 3 1 0 0/0 25:40 4:09 5:44
Loui Eriksson 0 0 0 -1 2 3 0 0 0 1 0/0 13:56 2:19 0:00
Rene Bourque 0 0 0 0 2 2 2 2 0 0 0/0 19:32 3:36 0:00
Scott Gomez 0 0 0 0 2 2 2 0 1 0 12/23 22:48 2:19 3:38
Sergei Shirokov 0 0 0 0 4 1 0 0 0 1 0/0 10:45 2:19 0:00
Stephane Robidas 0 1 1 -1 0 3 2 1 0 2 0/0 24:27 4:09 0:00
Steve McCarthy 0 0 0 -1 0 2 1 3 0 1 0/0 26:53 1:48 4:58
Wes O'Neill 0 0 0 0 0 0 1 0 0 1 0/0 17:09 0:00 5:45
Players Stats for Blues
Player Name G A P +/- PIM S H SB GA TA FO MP PP MP PK MP
------------------------------------------------------------------------------------
Andrew Cogliano 0 0 0 -1 0 4 0 0 0 0 1/2 8:03 0:52 0:00
Andy Sutton 0 0 0 -1 2 0 1 2 0 0 0/0 19:22 0:37 0:55
Brent Burns 0 0 0 -1 0 1 1 1 0 0 0/0 25:43 5:56 3:57
Brian Lee 0 0 0 0 0 0 3 2 2 0 0/0 21:43 5:22 0:27
Chris Campoli 0 0 0 1 0 0 2 0 1 0 0/0 27:23 5:01 1:47
Dan Boyle 0 1 1 1 0 3 2 2 0 1 0/0 28:21 6:29 3:41
Darcy Hordichuk 0 0 0 0 2 0 1 0 0 0 0/0 11:30 1:44 0:17
David Perron 0 0 0 0 0 1 2 1 0 0 0/0 17:35 4:23 0:45
Drew Fata 0 0 0 0 0 2 0 3 0 0 0/0 6:28 0:25 1:07
Jamie Langenbrunner 0 0 0 0 0 0 0 0 0 0 2/3 18:47 4:23 1:29
Jarome Iginla 0 0 0 1 0 8 5 0 1 0 2/3 20:29 5:31 0:00
Matthew Lombardi 0 0 0 0 0 1 1 1 0 0 7/14 12:36 0:00 3:43
Michael Frolik 0 0 0 0 0 1 0 0 0 0 0/0 12:11 1:50 0:00
Nigel Dawes 0 0 0 -1 0 0 0 0 0 0 0/0 8:08 0:26 0:28
Nik Antropov 1 0 1 1 0 2 2 0 1 1 15/28 22:05 5:37 1:29
Paul Kariya 0 1 1 1 0 4 1 1 1 0 2/2 25:19 5:38 3:43
Steve Bernier 0 0 0 -1 0 1 0 0 0 0 0/0 9:11 0:58 0:00
Travis Zajac 0 0 0 0 2 1 3 1 1 0 6/10 19:05 4:23 0:00
3 Stars
1 - Tim Thomas (STL)
2 - Jocelyn Thibault (Chi)
3 - Nik Antropov (STL)
Power Play
Blackhawks - 0 on 4 Attempt(s) - 0,00%
Blues - 0 on 6 Attempt(s) - 0,00%
Penalty Kill
Blackhawks - 6 on 6 Attempt(s) - 100,00%
- Score 0 goal in Penalty Kill
Blues - 4 on 4 Attempt(s) - 100,00%
- Score 0 goal in Penalty Kill
Official
Referees : StLaurent Francois and Kozari Steve
Linesman : Lyle Seitz and Brad Lazarowich
Game Notes
2:44 of 2nd period - Penalty Shot by Brian Lee for Blues - Stopped by Jocelyn Thibault
Drew Fata is injured at 5:16 of 2nd period (Back)
Finance
Level 1 -- Attendance: 5827 (97,12%) -- Ticket Income 495 295 $
Level 2 -- Attendance: 3986 (79,72%) -- Ticket Income 215 244 $
Level 3 -- Attendance: 1916 (95,80%) -- Ticket Income 59 396 $
Level 4 -- Attendance: 4000 (100,00%) -- Ticket Income 80 000 $
Luxury Box -- Attendance: 729 (72,90%) -- Ticket Income 125 388 $
Game was played at the Scotttrade center
Total Attendance: 16458 (91,43%)
Total Ticket Income: 975 323 $
Other Income: 146 298 $
Total Income: 1 121 621 $
Blackhawks
5 vs 5 Forward
Center Left Wing Right Wing Time % Phy DF OF
1 Scott Gomez Kris Versteeg Rene Bourque 40 1 2 2
2 Joe Sakic Loui Eriksson Colby Armstrong 30 1 2 2
3 Jordan Staal Daniel Carcillo Sergei Shirokov 20 2 2 1
4 Chris Gratton Hnat Domenichelli George Parros 10 1 2 2
5 vs 5 Defense
Defense Defense Time % Phy DF OF
1 Stephane Robidas Steve McCarthy 40 1 2 2
2 Christian Ehrhoff Kristopher Letang 30 1 2 2
3 Brad Ference Wes O'Neill 20 1 2 2
4 Stephane Robidas Steve McCarthy 10 1 2 2
PowerPlay Forward
Center Left Wing Right Wing Time % Phy DF OF
1 Joe Sakic Kris Versteeg Rene Bourque 60 1 0 4
2 Scott Gomez Loui Eriksson Sergei Shirokov 40 1 0 4
PowerPlay Defense
Defense Defense Time % Phy DF OF
1 Stephane Robidas Kristopher Letang 60 1 1 3
2 Christian Ehrhoff Steve McCarthy 40 1 1 3
Penalty Kill 4 Players Forward
Center Wing Time % Phy DF OF
1 Jordan Staal Colby Armstrong 60 1 4 0
2 Scott Gomez George Parros 40 1 4 0
Penalty Kill 4 Players Defense
Defense Defense Time % Phy DF OF
1 Wes O'Neill Steve McCarthy 60 1 4 0
2 Christian Ehrhoff Kristopher Letang 40 1 4 0
Penalty Kill - 3 Players Forward
Forward Time % Phy DF OF
1 Joe Sakic 60 1 4 0
2 Colby Armstrong 40 1 4 0
Penalty Kill - 3 Players Defense
Defense Defense Time % Phy DF OF
1 Wes O'Neill Steve McCarthy 60 1 4 0
2 Kristopher Letang Brad Ference 40 1 4 0
4 vs 4 Forward
Center Wing Time % Phy DF OF
1 Joe Sakic Kris Versteeg 60 1 2 2
2 Scott Gomez Rene Bourque 40 1 2 2
4 vs 4 Defense
Defense Defense Time % Phy DF OF
1 Stephane Robidas Kristopher Letang 60 1 2 2
2 Brad Ference Steve McCarthy 40 1 2 2
Last Minutes Offensive
Center Left Wing Right Wing Defense Defense
Joe Sakic Kris Versteeg Rene Bourque Stephane Robidas Kristopher Letang
Last Minutes Defensive
Center Left Wing Right Wing Defense Defense
Joe Sakic Kris Versteeg Colby Armstrong Brad Ference Steve McCarthy
Goaltenders
Starting : Jocelyn Thibault
Backup : Roberto Luongo
Extra Forwards
Normal : Colby Armstrong, Jordan Staal, George Parros - PP : Colby Armstrong, Jordan Staal - PK : Kris Versteeg
Extra Defensemen
Normal : Brad Ference, Kristopher Letang, Wes O'Neill - PP : Kristopher Letang - PK : Kristopher Letang, Steve McCarthy
Penalty Shots
Joe Sakic, Loui Eriksson, Kris Versteeg, Scott Gomez, Rene Bourque
Blues
5 vs 5 Forward
Center Left Wing Right Wing Time % Phy DF OF
1 Nik Antropov Paul Kariya Jarome Iginla 40 1 2 2
2 Travis Zajac David Perron Jamie Langenbrunner 30 1 2 2
3 Matthew Lombardi Darcy Hordichuk Michael Frolik 20 1 2 2
4 Andrew Cogliano Nigel Dawes Steve Bernier 10 1 2 2
5 vs 5 Defense
Defense Defense Time % Phy DF OF
1 Dan Boyle Chris Campoli 40 1 2 2
2 Andy Sutton Brent Burns 30 1 2 2
3 Drew Fata Brian Lee 20 1 2 2
4 Brian Lee Brent Burns 10 1 2 2
PowerPlay Forward
Center Left Wing Right Wing Time % Phy DF OF
1 Nik Antropov Paul Kariya Jarome Iginla 60 1 2 2
2 Travis Zajac David Perron Jamie Langenbrunner 40 1 2 2
PowerPlay Defense
Defense Defense Time % Phy DF OF
1 Dan Boyle Brent Burns 60 1 2 2
2 Brian Lee Chris Campoli 40 1 2 2
Penalty Kill 4 Players Forward
Center Wing Time % Phy DF OF
1 Matthew Lombardi Paul Kariya 60 1 2 2
2 Nik Antropov Jamie Langenbrunner 40 1 2 2
Penalty Kill 4 Players Defense
Defense Defense Time % Phy DF OF
1 Drew Fata Brent Burns 60 1 2 2
2 Dan Boyle Chris Campoli 40 1 2 2
Penalty Kill - 3 Players Forward
Forward Time % Phy DF OF
1 Nik Antropov 60 1 2 2
2 Matthew Lombardi 40 1 2 2
Penalty Kill - 3 Players Defense
Defense Defense Time % Phy DF OF
1 Drew Fata Brent Burns 60 1 2 2
2 Chris Campoli Dan Boyle 40 1 2 2
4 vs 4 Forward
Center Wing Time % Phy DF OF
1 Travis Zajac Paul Kariya 60 1 2 2
2 Nik Antropov Jarome Iginla 40 1 2 2
4 vs 4 Defense
Defense Defense Time % Phy DF OF
1 Dan Boyle Brian Lee 60 1 2 2
2 Brent Burns Drew Fata 40 1 2 2
Last Minutes Offensive
Center Left Wing Right Wing Defense Defense
Travis Zajac Paul Kariya Jarome Iginla Dan Boyle Brent Burns
Last Minutes Defensive
Center Left Wing Right Wing Defense Defense
Nik Antropov Darcy Hordichuk Jamie Langenbrunner Brent Burns Drew Fata
Goaltenders
Starting : Tim Thomas
Backup : Tuukka Rask
Extra Forwards
Normal : Steve Bernier, Michael Frolik, Nigel Dawes - PP : Michael Frolik, Darcy Hordichuk - PK : David Perron
Extra Defensemen
Normal : Chris Campoli, Drew Fata, Brent Burns - PP : Andy Sutton - PK : Dan Boyle, Drew Fata
Penalty Shots
David Perron, Nik Antropov, Jarome Iginla, Michael Frolik, Paul Kariya
% Time on Ice - Blackhawks
Lines # - Real PCT - Wanted PCT - Time Play
Normal Forward
1 - 37% - 40% - 15:45
2 - 28% - 30% - 11:42
3 - 18% - 20% - 7:30
4 - 17% - 10% - 7:11
Normal Defense
1 - 41% - 40% - 17:20
2 - 32% - 30% - 13:26
3 - 24% - 20% - 10:19
4 - 2% - 10% - 1:03
PP Forward
1 - 61% - 60% - 3:38
2 - 39% - 40% - 2:19
PP Defense
1 - 70% - 60% - 4:09
2 - 30% - 40% - 1:48
PK Forward
1 - 68% - 60% - 8:04
2 - 32% - 40% - 3:51
PK Defense
1 - 52% - 60% - 6:11
2 - 48% - 40% - 5:44
PK3 Forward
1 - 0% - 60%
2 - 0% - 40%
PK3 Defense
1 - 0% - 60%
2 - 0% - 40%
44 Forward
1 - 77% - 60% - 3:51
2 - 23% - 40% - 1:09
44 Defense
1 - 60% - 60% - 3:00
2 - 40% - 40% - 2:00
Last Minute Offensive - 0:00
Last Minute Defensive - 0:00
Total
Forward - 65:00
Defense - 65:00
|
% Time on Ice - Blues
Lines # - Real PCT - Wanted PCT - Time Play
Normal Forward
1 - 33% - 40% - 13:59
2 - 30% - 30% - 12:46
3 - 21% - 20% - 8:49
4 - 16% - 10% - 6:34
Normal Defense
1 - 37% - 40% - 15:32
2 - 30% - 30% - 12:45
3 - 28% - 20% - 11:50
4 - 5% - 10% - 2:01
PP Forward
1 - 62% - 60% - 7:25
2 - 38% - 40% - 4:30
PP Defense
1 - 54% - 60% - 6:29
2 - 46% - 40% - 5:26
PK Forward
1 - 75% - 60% - 4:28
2 - 25% - 40% - 1:29
PK Defense
1 - 70% - 60% - 4:10
2 - 30% - 40% - 1:47
PK3 Forward
1 - 0% - 60%
2 - 0% - 40%
PK3 Defense
1 - 0% - 60%
2 - 0% - 40%
44 Forward
1 - 80% - 60% - 3:59
2 - 20% - 40% - 1:01
44 Defense
1 - 48% - 60% - 2:25
2 - 52% - 40% - 2:35
Last Minute Offensive - 0:00
Last Minute Defensive - 0:00
Total
Forward - 65:00
Defense - 65:00
|
Play by Play
1st period
0:01 of 1st period - Nik Antropov wins face-off versus Scott Gomez in neutral zone.
0:04 of 1st period - Slapshot by Paul Kariya.
0:04 of 1st period - Stopped by Jocelyn Thibault without a rebound.
0:05 of 1st period - Nik Antropov wins face-off versus Kris Versteeg in Blackhawks zone.
0:12 of 1st period - Slapshot by Jarome Iginla.
0:12 of 1st period - Stopped by Jocelyn Thibault without a rebound.
0:13 of 1st period - Jamie Langenbrunner wins face-off versus Joe Sakic in Blackhawks zone.
0:16 of 1st period - Slapshot by Jamie Langenbrunner.
0:16 of 1st period - Shot Misses the Net.
0:26 of 1st period - Snap shot by Colby Armstrong.
0:26 of 1st period - Stopped by Tim Thomas with a rebound.
0:28 of 1st period - Slapshot by Christian Ehrhoff.
0:28 of 1st period - Shot Blocked by David Perron.
0:34 of 1st period - Minor Penalty to Travis Zajac for High sticking.
0:35 of 1st period - Joe Sakic wins face-off versus Matthew Lombardi in Blues zone.
0:42 of 1st period - Wrist shot by Rene Bourque.
0:42 of 1st period - Shot Blocked by Drew Fata.
2:34 of 1st period - Penalty to Travis Zajac is over, Travis Zajac is back on ice.
2:38 of 1st period - Icing by Scott Gomez.
2:39 of 1st period - Scott Gomez wins face-off versus Andrew Cogliano in Blackhawks zone.
2:58 of 1st period - George Parros is hit by Dan Boyle and loses puck.
4:07 of 1st period - Andy Sutton is hit by Chris Gratton and loses puck.
4:37 of 1st period - Snap shot by Steve McCarthy.
4:37 of 1st period - Shot Misses the Net.
4:57 of 1st period - Slapshot by Hnat Domenichelli.
4:57 of 1st period - Goal by Hnat Domenichelli - Blackhawks : 1 - Blues : 0.
4:58 of 1st period - Nik Antropov wins face-off versus Kris Versteeg in neutral zone.
5:01 of 1st period - Slapshot by Nik Antropov.
5:01 of 1st period - Stopped by Jocelyn Thibault with a rebound.
5:24 of 1st period - Chris Campoli is hit by Steve McCarthy and loses puck.
6:03 of 1st period - Steve McCarthy is hit by Jarome Iginla and loses puck.
6:08 of 1st period - Snap shot by Nik Antropov.
6:08 of 1st period - Shot Misses the Net.
6:20 of 1st period - Wrist shot by Scott Gomez.
6:20 of 1st period - Shot Misses the Net.
6:22 of 1st period - Snap shot by Scott Gomez.
6:22 of 1st period - Shot Blocked by Matthew Lombardi.
6:28 of 1st period - Wrist shot by Rene Bourque.
6:28 of 1st period - Shot Blocked by Drew Fata.
6:30 of 1st period - Slapshot by Stephane Robidas.
6:30 of 1st period - Stopped by Tim Thomas with a rebound.
6:47 of 1st period - Wrist shot by Loui Eriksson.
6:47 of 1st period - Shot Blocked by Brian Lee.
6:49 of 1st period - Slapshot by Kristopher Letang.
6:49 of 1st period - Deflect By Jamie Langenbrunner.
6:49 of 1st period - Stopped by Tim Thomas with a rebound.
6:59 of 1st period - Snap shot by Nik Antropov.
6:59 of 1st period - Deflect By Paul Kariya.
6:59 of 1st period - Shot Misses the Net.
6:59 of 1st period - Puck is out of play.
7:00 of 1st period - Scott Gomez wins face-off versus Nik Antropov in Blackhawks zone.
7:31 of 1st period - Snap shot by Travis Zajac.
7:31 of 1st period - Shot Misses the Net.
7:45 of 1st period - Slapshot by Daniel Carcillo.
7:45 of 1st period - Stopped by Tim Thomas without a rebound.
7:46 of 1st period - Jarome Iginla wins face-off versus Jordan Staal in Blues zone.
8:04 of 1st period - Double Minor Penalty to Sergei Shirokov for Slashing.
8:05 of 1st period - Nik Antropov wins face-off versus Jordan Staal in Blackhawks zone.
8:40 of 1st period - Wrist shot by Travis Zajac.
8:40 of 1st period - Shot Misses the Net.
9:41 of 1st period - George Parros is hit by David Perron and loses puck.
10:51 of 1st period - Jamie Langenbrunner is hit by Scott Gomez and loses puck.
12:04 of 1st period - Penalty to Sergei Shirokov is over, Sergei Shirokov is back on ice.
12:46 of 1st period - Minor Penalty to Rene Bourque for Hooking.
12:47 of 1st period - Nik Antropov wins face-off versus Scott Gomez in Blackhawks zone.
12:50 of 1st period - Slapshot by Paul Kariya.
12:50 of 1st period - Deflect By Jarome Iginla.
12:50 of 1st period - Stopped by Jocelyn Thibault with a rebound.
12:52 of 1st period - Slapshot by Dan Boyle.
12:52 of 1st period - Shot Misses the Net.
12:54 of 1st period - Slapshot by Dan Boyle.
12:54 of 1st period - Shot Blocked by George Parros.
12:56 of 1st period - Slapshot by Dan Boyle.
12:56 of 1st period - Deflect By Scott Gomez.
12:56 of 1st period - Stopped by Jocelyn Thibault with a rebound.
12:58 of 1st period - Slapshot by Paul Kariya.
12:58 of 1st period - Stopped by Jocelyn Thibault with a rebound.
14:46 of 1st period - Penalty to Rene Bourque is over, Rene Bourque is back on ice.
14:50 of 1st period - Snap shot by Andrew Cogliano.
14:50 of 1st period - Shot Misses the Net.
14:54 of 1st period - Slapshot by Andrew Cogliano.
14:54 of 1st period - Shot Misses the Net.
14:56 of 1st period - Snap shot by Drew Fata.
14:56 of 1st period - Stopped by Jocelyn Thibault without a rebound.
14:57 of 1st period - Andrew Cogliano wins face-off versus Scott Gomez in Blackhawks zone.
15:14 of 1st period - Wrist shot by Andrew Cogliano.
15:14 of 1st period - Shot Misses the Net.
15:16 of 1st period - Slapshot by Drew Fata.
15:16 of 1st period - Shot Blocked by Brad Ference.
15:22 of 1st period - Snap shot by Steve Bernier.
15:22 of 1st period - Shot Blocked by Jordan Staal.
15:24 of 1st period - Slapshot by Drew Fata.
15:24 of 1st period - Shot Misses the Net.
15:26 of 1st period - Slapshot by Andy Sutton.
15:26 of 1st period - Shot Blocked by Brad Ference.
15:28 of 1st period - Slapshot by Drew Fata.
15:28 of 1st period - Shot Hit the Post.
15:54 of 1st period - Wrist shot by Andrew Cogliano.
15:54 of 1st period - Deflect By Steve Bernier.
15:54 of 1st period - Stopped by Jocelyn Thibault without a rebound.
15:55 of 1st period - Scott Gomez wins face-off versus Nik Antropov in Blackhawks zone.
16:00 of 1st period - Slapshot by Stephane Robidas.
16:00 of 1st period - Shot Blocked by Dan Boyle.
16:20 of 1st period - Dan Boyle is hit by Joe Sakic and loses puck.
17:02 of 1st period - Christian Ehrhoff is hit by Nik Antropov and loses puck.
17:09 of 1st period - Wrist shot by Jarome Iginla.
17:09 of 1st period - Shot Misses the Net.
17:11 of 1st period - Wrist shot by Paul Kariya.
17:11 of 1st period - Stopped by Jocelyn Thibault with a rebound.
17:57 of 1st period - Nik Antropov is hit by Hnat Domenichelli and loses puck.
18:04 of 1st period - Hnat Domenichelli is hit by Paul Kariya and loses puck.
18:34 of 1st period - Wrist shot by Matthew Lombardi.
18:34 of 1st period - Stopped by Jocelyn Thibault without a rebound.
18:35 of 1st period - Joe Sakic wins face-off versus Matthew Lombardi in Blackhawks zone.
18:35 of 1st period - Joe Sakic is hit by Chris Campoli.
18:43 of 1st period - Snap shot by Loui Eriksson.
18:43 of 1st period - Stopped by Tim Thomas without a rebound.
18:44 of 1st period - Nik Antropov wins face-off versus Scott Gomez in Blues zone.
19:31 of 1st period - Slapshot by Stephane Robidas.
19:31 of 1st period - Shot Blocked by Drew Fata.
19:33 of 1st period - Slapshot by Steve McCarthy.
19:33 of 1st period - Stopped by Tim Thomas with a rebound.
19:35 of 1st period - Slapshot by Steve McCarthy.
19:35 of 1st period - Deflect By Darcy Hordichuk.
19:35 of 1st period - Stopped by Tim Thomas with a rebound.
19:37 of 1st period - Wrist shot by Steve McCarthy.
19:37 of 1st period - Deflect By Jordan Staal.
19:37 of 1st period - Shot Misses the Net.
19:37 of 1st period - Puck is out of play.
19:38 of 1st period - Nik Antropov wins face-off versus Scott Gomez in Blues zone.
19:43 of 1st period - Snap shot by Paul Kariya.
19:43 of 1st period - Deflect By Jarome Iginla.
19:43 of 1st period - Stopped by Jocelyn Thibault with a rebound.
19:45 of 1st period - Snap shot by Nik Antropov.
19:45 of 1st period - Shot Hit the Post.
19:47 of 1st period - Slapshot by Brian Lee.
19:47 of 1st period - Shot Blocked by Kristopher Letang.
19:49 of 1st period - Wrist shot by Jarome Iginla.
19:49 of 1st period - Stopped by Jocelyn Thibault with a rebound.
19:51 of 1st period - Snap shot by Nik Antropov.
19:51 of 1st period - Shot Blocked by Christian Ehrhoff.
19:53 of 1st period - Slapshot by Drew Fata.
19:53 of 1st period - Shot Misses the Net.
Goals for this period are 1 for Blackhawks vs 0 for Blues.
Shots for this period are 8 for Blackhawks vs 12 for Blues.
2nd period
0:01 of 2nd period - Nik Antropov wins face-off versus Scott Gomez in neutral zone.
0:22 of 2nd period - Icing by Jarome Iginla.
0:23 of 2nd period - Nik Antropov wins face-off versus Colby Armstrong in Blues zone.
0:33 of 2nd period - Snap shot by David Perron.
0:33 of 2nd period - Stopped by Jocelyn Thibault without a rebound.
0:34 of 2nd period - Scott Gomez wins face-off versus Jarome Iginla in Blackhawks zone.
0:42 of 2nd period - Icing by Stephane Robidas.
0:43 of 2nd period - Scott Gomez wins face-off versus Nik Antropov in Blackhawks zone.
0:54 of 2nd period - Chris Campoli is hit by Rene Bourque and loses puck.
1:07 of 2nd period - Snap shot by Jarome Iginla.
1:07 of 2nd period - Stopped by Jocelyn Thibault with a rebound.
1:13 of 2nd period - Dan Boyle is hit by Kris Versteeg and loses puck.
1:40 of 2nd period - Snap shot by Scott Gomez.
1:40 of 2nd period - Shot Misses the Net.
1:42 of 2nd period - Slapshot by Rene Bourque.
1:42 of 2nd period - Stopped by Tim Thomas with a rebound.
1:46 of 2nd period - Slapshot by Scott Gomez.
1:46 of 2nd period - Stopped by Tim Thomas without a rebound.
1:47 of 2nd period - Travis Zajac wins face-off versus Colby Armstrong in Blues zone.
1:56 of 2nd period - Jamie Langenbrunner is hit by Colby Armstrong and loses puck.
2:13 of 2nd period - Kristopher Letang is hit by Matthew Lombardi.
2:39 of 2nd period - Wrist shot by George Parros.
2:39 of 2nd period - Shot Blocked by Brent Burns.
2:41 of 2nd period - Snap shot by Chris Gratton.
2:41 of 2nd period - Stopped by Tim Thomas without a rebound.
2:42 of 2nd period - Travis Zajac wins face-off versus Joe Sakic in Blues zone.
2:44 of 2nd period - Penalty Shot by Brian Lee for Blues.
2:44 of 2nd period - Wrist shot by Brian Lee.
2:44 of 2nd period - Stopped by Jocelyn Thibault.
2:45 of 2nd period - Scott Gomez wins face-off versus Nik Antropov in Blues zone.
2:57 of 2nd period - Wrist shot by Kris Versteeg.
2:57 of 2nd period - Stopped by Tim Thomas without a rebound.
2:58 of 2nd period - Joe Sakic wins face-off versus Nik Antropov in Blues zone.
3:09 of 2nd period - Snap shot by Jarome Iginla.
3:09 of 2nd period - Stopped by Jocelyn Thibault without a rebound.
3:10 of 2nd period - Nik Antropov wins face-off versus Scott Gomez in Blackhawks zone.
3:23 of 2nd period - Wrist shot by Jarome Iginla.
3:23 of 2nd period - Shot Blocked by Rene Bourque.
3:25 of 2nd period - Slapshot by Nik Antropov.
3:25 of 2nd period - Shot Blocked by Rene Bourque.
4:28 of 2nd period - Snap shot by George Parros.
4:28 of 2nd period - Shot Blocked by Paul Kariya.
4:51 of 2nd period - Snap shot by Drew Fata.
4:51 of 2nd period - Stopped by Jocelyn Thibault with a rebound.
5:15 of 2nd period - Drew Fata is hit by Joe Sakic and loses puck.
5:16 of 2nd period - Drew Fata from Blues is injured at 5:16 of 2nd period (Back).
5:17 of 2nd period - Nik Antropov wins face-off versus Scott Gomez in Blues zone.
5:22 of 2nd period - Wrist shot by Paul Kariya.
5:22 of 2nd period - Stopped by Jocelyn Thibault with a rebound.
5:24 of 2nd period - Snap shot by Chris Campoli.
5:24 of 2nd period - Shot Blocked by Steve McCarthy.
5:26 of 2nd period - Slapshot by Chris Campoli.
5:26 of 2nd period - Shot Blocked by Steve McCarthy.
5:28 of 2nd period - Slapshot by Nik Antropov.
5:28 of 2nd period - Deflect By Scott Gomez.
5:28 of 2nd period - Shot Misses the Net.
5:28 of 2nd period - Puck is out of play.
5:29 of 2nd period - Scott Gomez wins face-off versus Nik Antropov in Blackhawks zone.
5:29 of 2nd period - Scott Gomez is hit by Jarome Iginla.
5:35 of 2nd period - Chris Campoli is hit by Scott Gomez.
5:54 of 2nd period - Loui Eriksson is hit by David Perron and loses puck.
6:09 of 2nd period - Dan Boyle is hit by Kristopher Letang and loses puck.
6:30 of 2nd period - Snap shot by Kristopher Letang.
6:30 of 2nd period - Stopped by Tim Thomas with a rebound.
6:32 of 2nd period - Slapshot by Daniel Carcillo.
6:32 of 2nd period - Stopped by Tim Thomas without a rebound.
6:33 of 2nd period - Scott Gomez wins face-off versus Nik Antropov in Blues zone.
6:36 of 2nd period - Snap shot by Scott Gomez.
6:36 of 2nd period - Shot Blocked by Andy Sutton.
6:42 of 2nd period - Wrist shot by Jarome Iginla.
6:42 of 2nd period - Stopped by Jocelyn Thibault without a rebound.
6:43 of 2nd period - Scott Gomez wins face-off versus Nik Antropov in Blackhawks zone.
7:00 of 2nd period - Slapshot by Brent Burns.
7:00 of 2nd period - Shot Blocked by Kris Versteeg.
7:02 of 2nd period - Snap shot by Nik Antropov.
7:02 of 2nd period - Deflect By Scott Gomez.
7:02 of 2nd period - Shot Misses the Net.
7:02 of 2nd period - Puck is out of play.
7:03 of 2nd period - Travis Zajac wins face-off versus Joe Sakic in Blackhawks zone.
7:14 of 2nd period - Wrist shot by Travis Zajac.
7:14 of 2nd period - Shot Blocked by Kristopher Letang.
7:16 of 2nd period - Slapshot by Travis Zajac.
7:16 of 2nd period - Shot Hit the Post.
7:18 of 2nd period - Slapshot by Dan Boyle.
7:18 of 2nd period - Shot Blocked by Colby Armstrong.
7:59 of 2nd period - Snap shot by Sergei Shirokov.
7:59 of 2nd period - Stopped by Tim Thomas with a rebound.
8:01 of 2nd period - Snap shot by Steve McCarthy.
8:01 of 2nd period - Shot Blocked by Brian Lee.
8:11 of 2nd period - Steve McCarthy is hit by Brian Lee and loses puck.
8:15 of 2nd period - Icing by Stephane Robidas.
8:16 of 2nd period - Jamie Langenbrunner wins face-off versus Chris Gratton in Blackhawks zone.
8:35 of 2nd period - Icing by Jamie Langenbrunner.
8:36 of 2nd period - Travis Zajac wins face-off versus Scott Gomez in Blues zone.
9:25 of 2nd period - Brent Burns is hit by Stephane Robidas and loses puck.
10:18 of 2nd period - Minor Penalty to Scott Gomez for Slashing.
10:19 of 2nd period - Nik Antropov wins face-off versus Jordan Staal in Blackhawks zone.
10:35 of 2nd period - Christian Ehrhoff is hit by Jarome Iginla and loses puck.
12:18 of 2nd period - Penalty to Scott Gomez is over, Scott Gomez is back on ice.
13:05 of 2nd period - Icing by Hnat Domenichelli.
13:06 of 2nd period - Joe Sakic wins face-off versus Matthew Lombardi in Blackhawks zone.
13:47 of 2nd period - Andy Sutton is hit by Rene Bourque and loses puck.
14:02 of 2nd period - Snap shot by Rene Bourque.
14:02 of 2nd period - Shot Misses the Net.
14:04 of 2nd period - Slapshot by Rene Bourque.
14:04 of 2nd period - Stopped by Tim Thomas with a rebound.
14:06 of 2nd period - Slapshot by Brad Ference.
14:06 of 2nd period - Shot Blocked by Andy Sutton.
14:08 of 2nd period - Slapshot by Brad Ference.
14:08 of 2nd period - Stopped by Tim Thomas without a rebound.
14:09 of 2nd period - Joe Sakic wins face-off versus Nik Antropov in Blues zone.
14:20 of 2nd period - Snap shot by Paul Kariya.
14:20 of 2nd period - Shot Misses the Net.
14:22 of 2nd period - Wrist shot by Nik Antropov.
14:22 of 2nd period - Goal by Nik Antropov - Blackhawks : 1 - Blues : 1.
14:23 of 2nd period - Jarome Iginla wins face-off versus Joe Sakic in neutral zone.
15:02 of 2nd period - Off-side.
15:03 of 2nd period - Joe Sakic wins face-off versus Matthew Lombardi in neutral zone.
15:34 of 2nd period - Snap shot by Jordan Staal.
15:34 of 2nd period - Stopped by Tim Thomas with a rebound.
15:36 of 2nd period - Slapshot by Wes O'Neill.
15:36 of 2nd period - Shot Misses the Net.
15:40 of 2nd period - Wrist shot by Jordan Staal.
15:40 of 2nd period - Shot Misses the Net.
15:54 of 2nd period - Dan Boyle is hit by Brad Ference and loses puck.
16:29 of 2nd period - Nigel Dawes is hit by Kristopher Letang and loses puck.
17:38 of 2nd period - Wrist shot by Hnat Domenichelli.
17:38 of 2nd period - Stopped by Tim Thomas with a rebound.
17:40 of 2nd period - Snap shot by Chris Gratton.
17:40 of 2nd period - Stopped by Tim Thomas without a rebound.
17:41 of 2nd period - Joe Sakic wins face-off versus Travis Zajac in Blues zone.
17:44 of 2nd period - Wrist shot by Joe Sakic.
17:44 of 2nd period - Deflect By Loui Eriksson.
17:44 of 2nd period - Stopped by Tim Thomas with a rebound.
17:46 of 2nd period - Snap shot by Loui Eriksson.
17:46 of 2nd period - Shot Misses the Net.
17:48 of 2nd period - Snap shot by Colby Armstrong.
17:48 of 2nd period - Deflect By Loui Eriksson.
17:48 of 2nd period - Stopped by Tim Thomas without a rebound.
17:49 of 2nd period - Travis Zajac wins face-off versus Joe Sakic in Blues zone.
17:54 of 2nd period - Snap shot by Jamie Langenbrunner.
17:54 of 2nd period - Shot Blocked by Christian Ehrhoff.
19:46 of 2nd period - Slapshot by Andrew Cogliano.
19:46 of 2nd period - Stopped by Jocelyn Thibault with a rebound.
Goals for this period are 0 for Blackhawks vs 1 for Blues.
Shots for this period are 14 for Blackhawks vs 8 for Blues.
3rd period
0:01 of 3rd period - Paul Kariya wins face-off versus Joe Sakic in neutral zone.
0:04 of 3rd period - Wrist shot by Paul Kariya.
0:04 of 3rd period - Shot Blocked by Steve McCarthy.
0:12 of 3rd period - Wrist shot by Joe Sakic.
0:12 of 3rd period - Stopped by Tim Thomas without a rebound.
0:13 of 3rd period - Nik Antropov wins face-off versus Joe Sakic in Blues zone.
1:01 of 3rd period - Slapshot by Michael Frolik.
1:01 of 3rd period - Shot Blocked by Kristopher Letang.
1:43 of 3rd period - Brent Burns is hit by Colby Armstrong.
1:49 of 3rd period - Colby Armstrong is hit by Dan Boyle.
2:01 of 3rd period - Scott Gomez is hit by Andy Sutton and loses puck.
2:27 of 3rd period - Slapshot by Michael Frolik.
2:27 of 3rd period - Stopped by Jocelyn Thibault with a rebound.
2:29 of 3rd period - Wrist shot by Dan Boyle.
2:29 of 3rd period - Deflect By Brad Ference.
2:29 of 3rd period - Stopped by Jocelyn Thibault without a rebound.
2:30 of 3rd period - Joe Sakic wins face-off versus Nik Antropov in Blackhawks zone.
2:52 of 3rd period - Minor Penalty to Loui Eriksson for Hooking.
2:53 of 3rd period - Nik Antropov wins face-off versus Jordan Staal in Blackhawks zone.
3:06 of 3rd period - Slapshot by Jarome Iginla.
3:06 of 3rd period - Stopped by Jocelyn Thibault with a rebound.
3:08 of 3rd period - Wrist shot by Dan Boyle.
3:08 of 3rd period - Stopped by Jocelyn Thibault with a rebound.
4:01 of 3rd period - Icing by Chris Campoli.
4:02 of 3rd period - Scott Gomez wins face-off versus Travis Zajac in Blues zone.
4:28 of 3rd period - Steve McCarthy is hit by Jarome Iginla and loses puck.
4:52 of 3rd period - Penalty to Loui Eriksson is over, Loui Eriksson is back on ice.
5:03 of 3rd period - Snap shot by Andrew Cogliano.
5:03 of 3rd period - Shot Blocked by George Parros.
5:05 of 3rd period - Wrist shot by Brent Burns.
5:05 of 3rd period - Stopped by Jocelyn Thibault with a rebound.
5:15 of 3rd period - Snap shot by Andrew Cogliano.
5:15 of 3rd period - Stopped by Jocelyn Thibault with a rebound.
5:35 of 3rd period - Jordan Staal is hit by Chris Campoli.
6:03 of 3rd period - Andy Sutton is hit by Stephane Robidas and loses puck.
6:24 of 3rd period - Brad Ference is hit by Nik Antropov and loses puck.
6:39 of 3rd period - Paul Kariya is hit by Wes O'Neill and loses puck.
7:41 of 3rd period - Steve McCarthy is hit by Darcy Hordichuk and loses puck.
7:46 of 3rd period - Wrist shot by Michael Frolik.
7:46 of 3rd period - Shot Blocked by Stephane Robidas.
7:48 of 3rd period - Snap shot by Darcy Hordichuk.
7:48 of 3rd period - Shot Misses the Net.
8:01 of 3rd period - Slapshot by Chris Gratton.
8:01 of 3rd period - Shot Blocked by Dan Boyle.
8:05 of 3rd period - Snap shot by Chris Gratton.
8:05 of 3rd period - Shot Misses the Net.
8:07 of 3rd period - Snap shot by George Parros.
8:07 of 3rd period - Stopped by Tim Thomas with a rebound.
8:09 of 3rd period - Slapshot by Chris Gratton.
8:09 of 3rd period - Deflect By George Parros.
8:09 of 3rd period - Stopped by Tim Thomas without a rebound.
8:10 of 3rd period - Nik Antropov wins face-off versus Scott Gomez in Blues zone.
8:37 of 3rd period - Colby Armstrong is hit by Travis Zajac and loses puck.
9:07 of 3rd period - Slapshot by Daniel Carcillo.
9:07 of 3rd period - Stopped by Tim Thomas without a rebound.
9:08 of 3rd period - Scott Gomez wins face-off versus Nik Antropov in Blues zone.
9:33 of 3rd period - Joe Sakic is hit by Travis Zajac and loses puck.
10:15 of 3rd period - Snap shot by Andrew Cogliano.
10:15 of 3rd period - Stopped by Jocelyn Thibault with a rebound.
10:17 of 3rd period - Wrist shot by Steve Bernier.
10:17 of 3rd period - Shot Misses the Net.
10:19 of 3rd period - Slapshot by Brent Burns.
10:19 of 3rd period - Deflect By Andrew Cogliano.
10:19 of 3rd period - Stopped by Jocelyn Thibault with a rebound.
10:21 of 3rd period - Snap shot by Steve Bernier.
10:21 of 3rd period - Shot Blocked by Brad Ference.
10:33 of 3rd period - Minor Penalty to Daniel Carcillo for High sticking.
10:34 of 3rd period - Jordan Staal wins face-off versus Nik Antropov in Blackhawks zone.
11:22 of 3rd period - Wrist shot by Travis Zajac.
11:22 of 3rd period - Stopped by Jocelyn Thibault without a rebound.
11:23 of 3rd period - Jordan Staal wins face-off versus Jamie Langenbrunner in Blackhawks zone.
11:53 of 3rd period - Wrist shot by Jarome Iginla.
11:53 of 3rd period - Shot Misses the Net.
12:33 of 3rd period - Penalty to Daniel Carcillo is over, Daniel Carcillo is back on ice.
12:46 of 3rd period - Wrist shot by Kris Versteeg.
12:46 of 3rd period - Stopped by Tim Thomas without a rebound.
12:47 of 3rd period - Matthew Lombardi wins face-off versus Scott Gomez in Blues zone.
12:47 of 3rd period - Matthew Lombardi is hit by Kris Versteeg.
13:35 of 3rd period - Kristopher Letang is hit by Travis Zajac.
13:46 of 3rd period - Minor Penalty to Andy Sutton for Holding Stick.
13:47 of 3rd period - Joe Sakic wins face-off versus Matthew Lombardi in Blues zone.
13:51 of 3rd period - Slapshot by Kris Versteeg.
13:51 of 3rd period - Shot Misses the Net.
13:53 of 3rd period - Backhand shot by Kristopher Letang.
13:53 of 3rd period - Deflect By Brent Burns.
13:53 of 3rd period - Stopped by Tim Thomas without a rebound.
13:54 of 3rd period - Joe Sakic wins face-off versus Matthew Lombardi in Blues zone.
13:55 of 3rd period - Slapshot by Kris Versteeg.
13:55 of 3rd period - Deflect By Joe Sakic.
13:55 of 3rd period - Stopped by Tim Thomas without a rebound.
13:56 of 3rd period - Matthew Lombardi wins face-off versus Joe Sakic in Blues zone.
14:05 of 3rd period - Slapshot by Joe Sakic.
14:05 of 3rd period - Stopped by Tim Thomas without a rebound.
14:06 of 3rd period - Matthew Lombardi wins face-off versus Kris Versteeg in Blues zone.
14:14 of 3rd period - Off-side.
14:15 of 3rd period - Joe Sakic wins face-off versus Matthew Lombardi in neutral zone.
14:20 of 3rd period - Slapshot by Kristopher Letang.
14:20 of 3rd period - Shot Misses the Net.
14:22 of 3rd period - Backhand shot by Stephane Robidas.
14:22 of 3rd period - Deflect By Joe Sakic.
14:22 of 3rd period - Shot Misses the Net.
14:22 of 3rd period - Puck is out of play.
14:23 of 3rd period - Matthew Lombardi wins face-off versus Joe Sakic in Blues zone.
14:38 of 3rd period - Slapshot by Stephane Robidas.
14:38 of 3rd period - Stopped by Tim Thomas with a rebound.
15:04 of 3rd period - Snap shot by Scott Gomez.
15:04 of 3rd period - Stopped by Tim Thomas without a rebound.
15:05 of 3rd period - Scott Gomez wins face-off versus Nik Antropov in Blues zone.
15:18 of 3rd period - Snap shot by Christian Ehrhoff.
15:18 of 3rd period - Deflect By Paul Kariya.
15:18 of 3rd period - Stopped by Tim Thomas with a rebound.
15:20 of 3rd period - Backhand shot by Scott Gomez.
15:20 of 3rd period - Deflect By Loui Eriksson.
15:20 of 3rd period - Shot Misses the Net.
15:20 of 3rd period - Puck is out of play.
15:21 of 3rd period - Matthew Lombardi wins face-off versus Joe Sakic in Blues zone.
15:25 of 3rd period - Off-side.
15:26 of 3rd period - Matthew Lombardi wins face-off versus Joe Sakic in neutral zone.
15:46 of 3rd period - Penalty to Andy Sutton is over, Andy Sutton is back on ice.
16:52 of 3rd period - Minor Penalty to Darcy Hordichuk for Interference.
16:53 of 3rd period - Matthew Lombardi wins face-off versus Joe Sakic in Blues zone.
18:37 of 3rd period - Scott Gomez is hit by Brent Burns and loses puck.
18:52 of 3rd period - Penalty to Darcy Hordichuk is over, Darcy Hordichuk is back on ice.
19:10 of 3rd period - Wes O'Neill is hit by Brian Lee and loses puck.
Goals for this period are 0 for Blackhawks vs 0 for Blues.
Shots for this period are 11 for Blackhawks vs 9 for Blues.
Overtime #1
0:01 of 1st overtime period - Paul Kariya wins face-off versus Joe Sakic in neutral zone.
0:08 of 1st overtime period - Slapshot by Kris Versteeg.
0:08 of 1st overtime period - Stopped by Tim Thomas without a rebound.
0:09 of 1st overtime period - Joe Sakic wins face-off versus Travis Zajac in Blues zone.
0:18 of 1st overtime period - Snap shot by Kris Versteeg.
0:18 of 1st overtime period - Shot Misses the Net.
0:24 of 1st overtime period - Snap shot by Kris Versteeg.
0:24 of 1st overtime period - Shot Blocked by Travis Zajac.
0:45 of 1st overtime period - Slapshot by Stephane Robidas.
0:45 of 1st overtime period - Stopped by Tim Thomas without a rebound.
0:46 of 1st overtime period - Joe Sakic wins face-off versus Travis Zajac in Blues zone.
0:52 of 1st overtime period - Icing by Chris Campoli.
0:53 of 1st overtime period - Travis Zajac wins face-off versus Joe Sakic in Blues zone.
1:40 of 1st overtime period - Paul Kariya is hit by Joe Sakic and loses puck.
1:59 of 1st overtime period - Stephane Robidas is hit by Brian Lee and loses puck.
2:43 of 1st overtime period - Rene Bourque is hit by Jarome Iginla and loses puck.
3:30 of 1st overtime period - Brent Burns is hit by Jordan Staal and loses puck.
4:36 of 1st overtime period - Steve Bernier is hit by Brad Ference and loses puck.
4:53 of 1st overtime period - Travis Zajac is hit by Brad Ference and loses puck.
Goals for this period are 0 for Blackhawks vs 0 for Blues.
Shots for this period are 2 for Blackhawks vs 0 for Blues.
ShootOut
5:00 of 1st overtime period - Penalty Shot by Joe Sakic for Blackhawks.
5:00 of 1st overtime period - Wrist shot by Joe Sakic.
5:00 of 1st overtime period - Stopped by Tim Thomas.
5:00 of 1st overtime period - Penalty Shot by David Perron for Blues.
5:00 of 1st overtime period - Wrist shot by David Perron.
5:00 of 1st overtime period - Goal by David Perron.
5:00 of 1st overtime period - Penalty Shot by Loui Eriksson for Blackhawks.
5:00 of 1st overtime period - Snap shot by Loui Eriksson.
5:00 of 1st overtime period - Goal by Loui Eriksson.
5:00 of 1st overtime period - Penalty Shot by Nik Antropov for Blues.
5:00 of 1st overtime period - Deke by Nik Antropov.
5:00 of 1st overtime period - Goal by Nik Antropov.
5:00 of 1st overtime period - Penalty Shot by Kris Versteeg for Blackhawks.
5:00 of 1st overtime period - Deke by Kris Versteeg.
5:00 of 1st overtime period - Shot Misses the Net.
Output by the SimonT Hockey Simulator (STHS) for François Prévost -- Original Page W3C XHTML 1.0 Valid